 Dungeon Crawl Stone Soup version 0.29-a0-338-g1ff7896281 (webtiles) character file.

Game seed: 7537891982103456292

27 zeratav the Sneak (level 3, -4/16 HPs)
             Began as a Vine Stalker Enchanter on Apr 17, 2022.
             Slain by Terence
             ... wielding a +0 mace
              (6 damage)
             ... on level 2 of the Dungeon.
             The game lasted 00:03:28 (1666 turns).

zeratav the Sneak (Vine Stalker Enchanter)          Turns: 1666, Time: 00:03:28

Health: -4/16      AC:  2    Str: 10    XL:     3   Next: 10%
Magic:  0/7        EV: 12    Int: 15    God:
Gold:   114        SH:  0    Dex: 16    Spells: 4/6 levels left

rFire   x . .      SeeInvis .   a - +1 dagger {short}
rCold   + . .      Faith    .   (no shield)
rNeg    . . .      Spirit   +   b - +0 robe
rPois   .          Reflect  .   (no helmet)
rElec   .          Harm     .   (no cloak)
rCorr   .          Rampage  .   (no gloves)
Will    .....                   (no boots)
Stlth   +++.......              (no amulet)
HPRegen 0.05/turn               d - ring of ice
MPRegen 0.10/turn               (no ring)

@: no status effects
A: fangs 2, magic shield, antimagic bite, no potion heal 2
a: no special abilities


You were on level 2 of the Dungeon.
You visited 1 branch of the dungeon, and saw 2 of its levels.

You collected 114 gold pieces.


Innate Abilities, Weirdness & Mutations

You have extremely sharp teeth.
When hurt, damage is shared between your health and your magic reserves.
Your bite disrupts and absorbs the magic of your enemies.
Potions cannot restore your health.


   Skills:
 + Level 2.0 Short Blades
 - Level 1.5 Dodging
 + Level 4.5 Stealth
 - Level 2.1 Spellcasting
 - Level 3.0 Hexes


You had 4 spell levels left.
You knew the following spells:

 Your Spells              Type           Power      Damage    Failure   Level
a - Ensorcelled Hibernat  Hex/Ice        18%        N/A       19%         2

Your spell library contained the following spells:

 Spells                   Type           Power      Damage    Failure   Level
 Confusing Touch          Hex            10%        N/A       19%         3
 Tukima's Dance           Hex            10%        N/A       19%         3
 Dazzling Flash           Conj/Hex       12%        N/A       34%         3
 Gell's Gravitas          Tloc           1%         N/A       54%         3
 Lesser Beckoning         Tloc           1%         N/A       54%         3
 Teleport Other           Tloc           1%         N/A       54%         3

Inventory:

Hand Weapons
 a - a +1 dagger (weapon) {short}
 h - a +0 short sword {short}
   (You took it off a kobold on level 2 of the Dungeon)
Armour
 b - a +0 robe (worn)
Jewellery
 d - a ring of ice (left hand)
   (You found it on level 1 of the Dungeon)
Scrolls
 f - 2 scrolls of teleportation {unknown}
 j - a scroll of blinking {unknown}
 k - a scroll of magic mapping {unknown}
 l - a scroll of identify {unknown}
Potions
 c - 2 potions of invisibility
 e - a potion of heal wounds {unknown}
 g - a potion of attraction {unknown}
 i - 2 potions of brilliance {unknown}

Dungeon Overview and Level Annotations

Branches:
Dungeon (2/15)

Altars:

Annotations:
D:2 Terence

#.. >.....
.... .....
#... ....
#... ... ...
.. #.##.# ..
#..#.# ...
#.@@## #..
###....# #.#
#......# #.##
#.#....###
######...
#.#........
.........
##.#....##...
###.....
#..#....# #.
##....
#......(# #.#
##....
#.......#
#..###.....


You could see Terence.


Message History

You take 1 damage, and now have 15/16 hp.
You hit the ball python. The ball python completely misses you.
The ball python constricts you.
MP[-1]
You lost 1 mp, and now have 6/7 mp.
You barely miss the ball python. Your bite misses the ball python.
The ball python barely misses you. The ball python constricts you.
MP[-1]
You lost 1 mp, and now have 5/7 mp.
You hit the ball python.
You kill the ball python!
No target in view!
You see here a ball python corpse.
You see here a +0 club {mace}.
A kobold comes into view. It is wielding a +0 short sword.
HP[+1] MP[+2]
Your hp is fully restored (16).
Your mp is fully restored (7).
Nothing quivered!
The kobold shouts!
A frilled lizard comes into view.
You closely miss the kobold.
The frilled lizard hisses angrily.
You bite the kobold. You drain its power. The kobold closely misses you.
You barely miss the kobold. Your bite misses the kobold.
The kobold hits you with a +0 short sword.
HP[-1]
You take 1 damage, and now have 15/16 hp.
You hit the kobold but do no damage.
The kobold hits you with a +0 short sword.
The frilled lizard misses you.
HP[-2]
You take 2 damage, and now have 13/16 hp.
You hit the kobold.
You kill the kobold!
The frilled lizard closely misses you.
You closely miss the frilled lizard. Your bite misses the frilled lizard.
The frilled lizard bites you but does no damage.
You hit the frilled lizard.
You kill the frilled lizard!
Your Short Blades skill increases to level 2!
No target in view!
No target in view!
No target in view!
No target in view!
No target in view!
No target in view!
No target in view!
No target in view!
No target in view!
No target in view!
No target in view!
No target in view!
No target in view!
No target in view!
No target in view!
You now have 88 gold pieces (gained 11).
Found a stone staircase leading up.
You see here a frilled lizard corpse.
HP[+3]
Your hp is fully restored (16).
You now have 94 gold pieces (gained 6).
You now have 96 gold pieces (gained 2).
You now have 107 gold pieces (gained 11).
g - a yellow potion You see here a +0 short sword {short}.
h - a +0 short sword (weapon)
{short}
a - a +1 dagger (weapon)
{short}
l - a scroll labelled BEISCHI ABAME You pick up a book of Displacement and begin reading...
You add the spells Lesser Beckoning, Gell's Gravitas and Teleport Other to your library.
Found a stone staircase leading down.
You now have 114 gold pieces (gained 7).
Terence the Incautious comes into view.
He is wielding a +0 mace.
Found a stone staircase leading down.
The helpless Terence fails to defend himself.
You impale Terence!! Terence hits you with a +0 mace!
HP[-4] MP[-3]
You take 4 damage, and now have 12/16 hp.
MASSIVE DAMAGE!! (PAUSE)
You lost 3 mp, and now have 4/7 mp.
You hit Terence but do no damage. You bite Terence, but do no damage.
You hit Terence but do no damage. Terence hits you with a +0 mace.
HP[-3] MP[-1]
You take 3 damage, and now have 9/16 hp.
You lost 1 mp, and now have 3/7 mp.
You hit Terence but do no damage. Your bite misses Terence.
Terence hits you with a +0 mace.
* * * LOW HITPOINT WARNING * * *
HP[-2]
You take 2 damage, and now have 7/16 hp.
You barely miss Terence. Terence closely misses you.
You hit Terence but do no damage. Terence hits you with a +0 mace!
* * * LOW HITPOINT WARNING * * *
HP[-5] MP[-3]
You take 5 damage, and now have 2/16 hp.
MASSIVE DAMAGE!! (PAUSE)
You lost 3 mp, and now have 0/7 mp.
You hit Terence but do no damage. Your bite misses Terence.
Terence hits you with a +0 mace.
You die...

Skill      XL: |  1  2  3 |
---------------+----------+-----
Short Blades   | 1 2 |  2.0
Stealth        | 4 |  4.5
Dodging        | |  1.5
Spellcasting   | |  2.1
Hexes          | |  3.0

Action                   || total
-------------------------++-------
Melee: Dagger            ||    66
       Bite              ||    10
 Cast: Ensorcelled Hiber ||     2
 Stab: Sleeping          ||     7
Armor: Robe              ||     9
Dodge: Dodged            ||    35

Levels and vault maps discovered:
D:1:      psy_arrival_spokes, layout_basic, ebering_ecumenical_altar_rust
D:2:      layout_rooms, hangedman_decor_growths, minmay_misc_feat_tiny,
          uniq_terence

Notes
Turn   | Place    | Note
-------+----------+-------------------------------------------
     0 | D:1      | zeratav the Vine Stalker Enchanter began the quest for the
                  | Orb.
     0 | D:1      | Reached XP level 1. HP: 9/9 MP: 4/4
     0 | D:1      | magus.rc [v1.9.6]
   122 | D:1      | HP: 1/9 [ball python (2)]
   124 | D:1      | Reached skill level 1 in Short Blades
   416 | D:1      | Reached skill level 4 in Stealth
   416 | D:1      | Reached XP level 2. HP: 10/13 MP: 6/6
   717 | D:1      | Learned a level 2 spell: Ensorcelled Hibernation
  1264 | D:1      | Found a faded altar of an unknown god.
  1317 | D:1      | Reached XP level 3. HP: 14/16 MP: 5/7
  1523 | D:2      | Reached skill level 2 in Short Blades
  1633 | D:2      | You pick up a book of Displacement and begin reading...
  1633 | D:2      | You add the spells Lesser Beckoning, Gell's Gravitas and
                  | Teleport Other to your library.
  1650 | D:2      | Noticed Terence
  1665 | D:2      | HP: 2/16 [Terence/+0 mace (5)]
  1666 | D:2      | Slain by Terence

Vanquished Creatures
  4 ball pythons
  2 bats (D:1)
  4 endoplasms (D:1)
  A giant cockroach (D:1)
  3 goblins (D:1)
  A hobgoblin (D:1)
  2 quokkas (D:1)
  A frilled lizard (D:2)
  2 kobolds
  3 rats (D:1)
23 creatures vanquished.

Table legend:
 A = Non-vault XP
 B = Vault XP
 C = Vault XP percentage of total XP
 D = Non-vault monster count
 E = Vault monster count
 F = Vault count percentage of total count
                 A         B        C        D         E       F
            +---------+---------+-------+---------+---------+-------
      Total |      39 |       0 |   0.0 |      23 |       0 |   0.0
            +---------+---------+-------+---------+---------+-------
        D:1 |      34 |       0 |   0.0 |      20 |       0 |   0.0
        D:2 |       5 |       0 |   0.0 |       3 |       0 |   0.0
            +---------+---------+-------+---------+---------+-------

Illustrated notes

Table legend:
 A = Kills in this place as a percentage of kills in entire the game.
 B = Kills by you in this place as a percentage of kills by you in the entire game.
 C = Kills by friends in this place as a percentage of kills by friends in the entire game.
 D = Other kills in this place as a percentage of other kills in the entire game.
 E = Experience gained in this place as a percentage of experience gained in the entire game.
 F = Experience gained in this place divided by the number of levels of this place that you have seen.
                   A       B       C       D       E      F
               +-------+-------+-------+-------+-------+----------------------
         Total | 100.0 | 100.0 |   N/A |   N/A | 100.0 |  19.5
       Dungeon | 100.0 | 100.0 |   N/A |   N/A | 100.0 |  19.5
               +-------+-------+-------+-------+-------+----------------------

Table legend: (Time is in decaauts)
 A = Elapsed time spent in this place.
 B = Non-inter-level travel time spent in this place.
 C = Inter-level travel time spent in this place.
 D = Time resting spent in this place.
 E = Time spent auto-exploring this place.
 F = Levels seen in this place.
 G = Mean time per level.
                   A        B        C        D        E       F      G
               +--------+--------+--------+--------+--------+-----+--------+
         Total |   1659 |   1604 |     55 |    579 |    806 |   2 |  829.5 |
       Dungeon |   1659 |   1604 |     55 |    579 |    806 |   2 |  829.5 |
               +--------+--------+--------+--------+--------+-----+--------+

Top non-repeatable levels by time:
     D:1: 1457 daAuts
     D:2: 202 daAuts
